[Event "4th Memorial Warakomska-A 2020"]
[Site "Suwalki"]
[Date "2020.08.11"]
[Round "7.6"]
[White "Backiel, Hubert"]
[Black "Deruelle Sala, Albert"]
[Result "1/2-1/2"]
[ECO "B41"]
[WhiteElo "1943"]
[BlackElo "2078"]
[Annotator "ChessBase"]
[PlyCount "86"]
[EventDate "2020.08.06"]
[EventType "swiss"]
[EventCountry "POL"]
[SourceTitle "playchess.com"]
[Source "ChessBase"]
[SourceQuality "1"]
[TimeControl "40/5400+30:1800+30"]

1. e4 c5 2. Nf3 e6 3. d4 cxd4 4. Nxd4 a6 5. c4 Nf6 6. Nc3 Bb4 7. Qd3 O-O 8. e5 Ne8 9. Be2 Qc7 10. Nf3 Nc6 11. Ng5 f5 12. exf6 Nxf6 13. O-O Ne5 14. Qg3 Bd6 15. Qh3 h6 16. Nge4 Nxe4 17. Nxe4 Be7 18. Qg3 Kh8 19. Bf4 Nf3+ 20. Bxf3 Qxf4 21. Rfd1 Rb8 22. c5 Qxg3 23. hxg3 b6 24. Nd6 bxc5 25. Nxc8 Rfxc8 26. Rxd7 Bf6 27. Bb7 Rf8 28. Rc1 Bd4 29. Rc2 Rf6 30. Kf1 e5 31. b3 h5 32. Be4 Rbf8 33. f3 Rh6 34. Ke2 g5 35. Rc1 g4 36. Rh1 Rg8 37. Rf7 gxf3+ 38. Kxf3 Rg5 39. Rh3 Kg8 40. Rf5 Rxf5+ 41. Bxf5 Kg7 42. Ke4 Kf6 43. g4 h4 1/2-1/2

[Event "4th Memorial Warakomska-A 2020"]
[Site "Suwalki"]
[Date "2020.08.11"]
[Round "7.7"]
[White "Rosol, Alexander"]
[Black "Kucza, Karol"]
[Result "0-1"]
[ECO "B18"]
[WhiteElo "1933"]
[BlackElo "2245"]
[Annotator "ChessBase"]
[PlyCount "106"]
[EventDate "2020.08.06"]
[EventType "swiss"]
[EventCountry "POL"]
[SourceTitle "playchess.com"]
[Source "ChessBase"]
[SourceQuality "1"]
[TimeControl "40/5400+30:1800+30"]

1. e4 c6 2. d4 d5 3. Nc3 dxe4 4. Nxe4 Bf5 5. Ng3 Bg6 6. Nh3 e6 7. Nf4 Bd6 8. c3 Nf6 9. Bc4 O-O 10. O-O Nd5 11. Nxg6 hxg6 12. Qf3 Qh4 13. Re1 Nf6 14. h3 Nbd7 15. Ne4 Nxe4 16. Rxe4 Qf6 17. Qe2 Nb6 18. Bb3 Nd5 19. g3 c5 20. h4 Qd8 21. Bg5 Qc7 22. h5 c4 23. Bc2 Bxg3 24. hxg6 Bf4 25. Qh5 fxg6 26. Qxg6 Bxg5 27. Rxe6 Rf6 28. Rxf6 Bxf6 29. Re1 Ne7 30. Qh7+ Kf7 31. d5 Qf4 32. Qh5+ Kf8 33. Qh8+ Ng8 34. Re3 Rd8 35. Qh3 Qg5+ 36. Kf1 Qxd5 37. Be4 Qd1+ 38. Re1 Qd7 39. Bf5 Qd5 40. Be4 Qd2 41. Bg6 Qg5 42. Be4 b5 43. Bc6 Qc5 44. Qe6 Ne7 45. Be4 Rd2 46. Re3 Rd1+ 47. Ke2 Qd6 48. Qh3 Rd2+ 49. Kf1 Qf4 50. Qh8+ Ng8 51. Bf3 Qh4 52. Re8+ Kxe8 53. Qxg8+ Ke7 0-1

[Event "4th Memorial Warakomska-A 2020"]
[Site "Suwalki"]
[Date "2020.08.11"]
[Round "7.8"]
[White "Rasti, Arvin"]
[Black "Budzisz, Adrian"]
[Result "1/2-1/2"]
[ECO "E12"]
[WhiteElo "2139"]
[BlackElo "1823"]
[Annotator "NA"]
[PlyCount "129"]
[EventDate "2020.08.06"]
[EventType "swiss"]
[EventCountry "POL"]
[SourceTitle "playchess.com"]
[Source "ChessBase"]
[SourceQuality "1"]
[TimeControl "40/5400+30:1800+30"]

1. d4 Nf6 2. c4 e6 3. Nf3 b6 4. a3 Bb7 5. Nc3 d5 6. cxd5 exd5 7. Qa4+ Qd7 {[%emt 0:02:28] E12: Queen's Indian: Unusual White 4th moves, 4 a3, 4 Nc3 Bb7 5 a3 and 4 Nc3 Bb7 .} 8. Qxd7+ Nfxd7 9. Bf4 c6 10. e3 {[%emt 0:00:50] [#]} Be7 $146 ({Predecessor:} 10... Na6 11. Bd3 Be7 12. O-O O-O 13. Rac1 Rac8 14. Bf5 Rcd8 15. Ne5 Nab8 16. Rfd1 Nxe5 17. Bxe5 Bd6 18. Bxd6 {½-½ (18) Lehmann,K-Maier,A ICCF corr 1990}) 11. Bd3 O-O 12. O-O Nf6 13. Rac1 Nbd7 14. h3 Rfe8 15. Rfd1 Bf8 16. Ne5 Nxe5 17. Bxe5 Nd7 18. Bg3 Nf6 19. Bh4 Ne4 20. Nxe4 dxe4 21. Bc4 Rac8 22. Bb3 Bd6 23. Rc2 Kf8 24. Bg3 Red8 25. Rdc1 Ke7 26. Ba4 c5 27. Bxd6+ Kxd6 28. dxc5+ Rxc5 29. Rxc5 bxc5 30. Rd1+ Kc7 31. Rxd8 Kxd8 32. Kf1 Bd5 33. Ke1 Kc7 34. Kd2 Kd6 35. Kc3 f5 36. b4 g5 37. Bb3 cxb4+ 38. axb4 Bc6 39. Kd4 h5 40. g3 h4 $1 41. gxh4 gxh4 42. Bc4 Bd7 43. Ba6 Be6 44. Bf1 Bd7 45. Kc4 Ba4 46. b5 Bd1 47. Kb4 Bc2 48. Bc4 $11 Ke5 49. Ka5 Bd3 50. Bf7 f4 51. Be8 fxe3 52. fxe3 Kd6 53. Ka6 Kc5 54. Bc6 Bf1 55. Kxa7 Bxb5 56. Bxe4 Bd7 57. Bg2 Bc6 58. Bf1 Bf3 59. Bd3 Kd5 60. Kb6 Ke5 61. Bb5 Ke4 62. Kc5 Kxe3 63. Bd7 Bg2 64. Bc8 Be4 65. Bd7 1/2-1/2

[Event "4th Memorial Warakomska-A 2020"]
[Site "Suwalki"]
[Date "2020.08.11"]
[Round "7.9"]
[White "Leskiewicz, Ignacy"]
[Black "Krasiewicz, Robert"]
[Result "1-0"]
[ECO "B06"]
[WhiteElo "2190"]
[BlackElo "2033"]
[Annotator "ChessBase"]
[PlyCount "45"]
[EventDate "2020.08.06"]
[EventType "swiss"]
[EventCountry "POL"]
[SourceTitle "playchess.com"]
[Source "ChessBase"]
[SourceQuality "1"]
[TimeControl "40/5400+30:1800+30"]

1. e4 g6 2. d4 Bg7 3. Nc3 d6 4. Be3 a6 5. Qd2 b5 6. h4 Nf6 7. f3 h5 8. O-O-O c6 9. Kb1 Qc7 10. Bf4 b4 11. Na4 a5 12. Bc4 Ba6 13. Bb3 O-O 14. e5 Nd5 15. exd6 exd6 16. g4 Nxf4 17. Qxf4 hxg4 18. h5 gxh5 19. Rxh5 Nd7 20. Rg5 Kh8 21. Rxg7 Kxg7 22. Qg5+ Kh8 23. Ne2 1-0

[Event "4th Memorial Warakomska-A 2020"]
[Site "Suwalki"]
[Date "2020.08.11"]
[Round "7.10"]
[White "Bugajski, Robert"]
[Black "Korbal, Arkadiusz"]
[Result "1-0"]
[ECO "A71"]
[WhiteElo "2081"]
[BlackElo "2113"]
[Annotator "RC"]
[PlyCount "97"]
[EventDate "2020.08.06"]
[EventType "swiss"]
[EventCountry "POL"]
[SourceTitle "playchess.com"]
[Source "ChessBase"]
[SourceQuality "1"]
[TimeControl "40/5400+30:1800+30"]

1. d4 Nf6 2. c4 e6 3. Nc3 c5 4. d5 exd5 5. cxd5 d6 6. e4 g6 7. Nf3 Bg7 8. Bg5 a6 9. a4 h6 10. Bh4 O-O 11. Nd2 g5 12. Bg3 Bg4 13. Be2 Bxe2 14. Qxe2 Qc7 15. O-O Nbd7 16. Nc4 Ne8 17. a5 Ne5 18. Ne3 Ng6 19. Nf5 Ne7 20. Nxg7 Nxg7 21. f4 f6 22. h4 Rae8 23. Qd1 Ng6 24. fxg5 fxg5 25. hxg5 Rxf1+ 26. Qxf1 Rf8 27. Qe2 hxg5 28. Qg4 Qe7 29. Rf1 Rxf1+ 30. Kxf1 Ne5 31. Qc8+ Kh7 32. Kg1 Kg6 33. Nd1 Nd3 34. Qg4 Qf6 35. Qf3 Qd4+ 36. Qe3 Qxe3+ 37. Nxe3 Ne8 38. Nc4 Nf6 39. Nxd6 Nxb2 40. Be5 Nd1 41. Nxb7 Nd7 42. Ba1 c4 43. Kf1 Ne3+ 44. Kf2 Ng4+ 45. Ke2 Ngf6 46. Ke3 Ng4+ 47. Kd4 Kh5 48. Nc5 Nb8 49. e5 1-0

[Event "4th Memorial Warakomska-A 2020"]
[Site "Suwalki"]
[Date "2020.08.11"]
[Round "7.11"]
[White "Godzwon, Iwo"]
[Black "Choroszej, Aleksander"]
[Result "1-0"]
[ECO "B09"]
[WhiteElo "2347"]
[BlackElo "2059"]
[Annotator "ChessBase"]
[PlyCount "79"]
[EventDate "2020.08.06"]
[EventType "swiss"]
[EventCountry "POL"]
[SourceTitle "playchess.com"]
[Source "ChessBase"]
[SourceQuality "1"]
[TimeControl "40/5400+30:1800+30"]

1. e4 g6 2. d4 Bg7 3. Nc3 d6 4. f4 Nf6 5. Nf3 O-O 6. Be3 b6 7. Qd2 Bb7 8. e5 Ng4 9. O-O-O Nxe3 10. Qxe3 Qc8 11. Bc4 c5 12. dxc5 dxe5 13. fxe5 e6 14. Ne4 Bxe4 15. Qxe4 Qc6 16. Qxc6 Nxc6 17. cxb6 axb6 18. Rhe1 Ra5 19. Rd6 Rc5 20. Bb5 Nb4 21. c4 Nxa2+ 22. Kb1 Nb4 23. Rxb6 Nd3 24. Re2 Rfc8 25. Kc2 Nxe5 26. Nxe5 Bxe5 27. b4 Rd5 28. Ba6 Rc7 29. g3 Bd4 30. Rb7 Rxb7 31. Bxb7 Rd7 32. Bc6 Rc7 33. b5 Kf8 34. Kd3 Bc5 35. Rb2 Ke7 36. Rb1 f5 37. Bg2 Bb6 38. Kc3 Kd6 39. Bc6 Ra7 40. Kb3 1-0

[Event "4th Memorial Warakomska-A 2020"]
[Site "Suwalki"]
[Date "2020.08.11"]
[Round "7.12"]
[White "Szustakowski, Antoni"]
[Black "Jarocka, Liwia"]
[Result "1/2-1/2"]
[ECO "E10"]
[WhiteElo "2295"]
[BlackElo "1934"]
[Annotator "ChessBase"]
[PlyCount "112"]
[EventDate "2020.08.06"]
[EventType "swiss"]
[EventCountry "POL"]
[SourceTitle "playchess.com"]
[Source "ChessBase"]
[SourceQuality "1"]
[TimeControl "40/5400+30:1800+30"]

1. d4 Nf6 2. c4 e6 3. Nf3 d5 4. g3 Bb4+ 5. Bd2 Be7 6. Bg2 O-O 7. O-O c6 8. Qc2 b6 9. Bf4 Bb7 10. Rd1 Nbd7 11. Nc3 dxc4 12. Ne5 Nd5 13. Nxc4 Nxf4 14. gxf4 Qc7 15. Ne5 Rac8 16. Rac1 a6 17. Nxd7 Qxd7 18. Na4 Qc7 19. Qb3 b5 20. Nc5 Bxc5 21. Rxc5 Qxf4 22. e3 Qd6 23. Rdc1 g6 24. Qc3 Rfd8 25. a4 bxa4 26. Qb4 Rb8 27. Qxa4 Ba8 28. b3 Rb5 29. Bf1 Rb6 30. Bxa6 Bb7 31. Bc4 Ra8 32. Ra5 Rb8 33. Qa3 Qd8 34. Qc5 Rb5 35. Bxb5 Qxa5 36. Ba4 Qd8 37. Qe5 Ra8 38. Rc5 Qb6 39. h4 h5 40. Qf4 Rd8 41. Kh2 Kg7 42. Qe5+ Kh7 43. Qf6 Qc7+ 44. Qe5 Qb6 45. Qe4 Rd5 46. Rxd5 exd5 47. Qe7 Kg7 48. Qd6 Qa6 49. Qe5+ Kg8 50. Qb8+ Kg7 51. Kg1 Qb6 52. Qd6 Qa6 53. Qc7 Qa8 54. f4 Qa6 55. Kf2 Qd3 56. Qxb7 Qd2+ 1/2-1/2

[Event "4th Memorial Warakomska-A 2020"]
[Site "Suwalki"]
[Date "2020.08.11"]
[Round "7.13"]
[White "Jurkiewicz, Krzysztof"]
[Black "Wolanski, Michal"]
[Result "0-1"]
[ECO "A64"]
[WhiteElo "2275"]
[BlackElo "2019"]
[Annotator "ChessBase"]
[PlyCount "84"]
[EventDate "2020.08.06"]
[EventType "swiss"]
[EventCountry "POL"]
[SourceTitle "playchess.com"]
[Source "ChessBase"]
[SourceQuality "1"]
[TimeControl "40/5400+30:1800+30"]

1. d4 Nf6 2. c4 e6 3. g3 c5 4. d5 exd5 5. cxd5 d6 6. Nc3 g6 7. Bg2 Bg7 8. Nf3 O-O 9. O-O Re8 10. Nd2 a6 11. a4 Nbd7 12. Nc4 Ne5 13. Nxe5 Rxe5 14. Bf4 Re8 15. e4 Rb8 16. Rb1 b5 17. axb5 axb5 18. b4 Ng4 19. Qc2 Qb6 20. h3 cxb4 21. Na2 Ne5 22. Rxb4 Bd7 23. Rfb1 Rec8 24. Qb3 Qa6 25. Nc1 Nc4 26. Ne2 Na3 27. Rd1 Nc2 28. Rb1 Nxb4 29. Qxb4 Be5 30. Be3 Rc4 31. Qd2 Qa4 32. Bf1 Rc2 33. Qd3 Qa2 34. Rb4 Rbc8 35. Nd4 R2c4 36. Rxc4 bxc4 37. Qc2 Qxc2 38. Nxc2 Ba4 39. Na3 c3 40. f4 Bg7 41. Nc4 c2 42. Nb6 Bd4 0-1

[Event "4th Memorial Warakomska-A 2020"]
[Site "Suwalki"]
[Date "2020.08.11"]
[Round "7.14"]
[White "Jakhari, Ansh"]
[Black "Strzelecki, Jerzy"]
[Result "1-0"]
[ECO "B56"]
[WhiteElo "1908"]
[BlackElo "1977"]
[Annotator "NA"]
[PlyCount "65"]
[EventDate "2020.08.06"]
[EventType "swiss"]
[EventCountry "POL"]
[SourceTitle "playchess.com"]
[Source "ChessBase"]
[SourceQuality "1"]
[TimeControl "40/5400+30:1800+30"]

1. e4 c5 2. Nf3 d6 3. d4 cxd4 4. Nxd4 Nf6 5. Nc3 Bd7 6. Be2 e5 {[%emt 0:00:17] B56: Classical Sicilian: Unusual Lines.} 7. Nb3 Bc6 8. f3 Nbd7 9. Be3 {[%emt 0:00:25] [#]} a6 $146 ({Predecessor:} 9... Be7 10. Qd2 O-O 11. O-O Nb6 12. Rad1 d5 13. exd5 Nfxd5 14. Nxd5 Nxd5 15. Bc4 Nxe3 16. Qxe3 {1-0 (29) Salavecz,G (1800)-Moritz,A (2004) Balatonalmadi 2009}) 10. Qd2 b5 11. O-O-O Qc7 12. Kb1 Rc8 13. g4 h6 14. h4 (14. Rhe1 $14) 14... Nb6 $2 (14... b4 $11 15. Nd5 Nxd5 16. exd5 Bxd5) 15. Bxb6 Qxb6 16. Nd5 Bxd5 17. exd5 Be7 18. Bd3 Rc7 19. Be2 Nd7 20. Na5 Nb8 21. g5 b4 22. Nc4 Qc5 23. f4 e4 24. f5 Nd7 25. Qf4 Nb6 26. Ne3 Na4 27. Qxe4 O-O 28. f6 $18 ({Inferior is} 28. Bxa6 Nc3+ 29. bxc3 bxc3 $11) 28... Rb8 29. fxe7 Rxe7 30. Qxe7 Nc3+ 31. bxc3 bxc3+ 32. Ka1 Qa3 33. Nc4 1-0

[Event "4th Memorial Warakomska-A 2020"]
[Site "Suwalki"]
[Date "2020.08.11"]
[Round "7.16"]
[White "Staroszczyk, Mateusz"]
[Black "Marczukiewicz, Jerzy"]
[Result "1-0"]
[ECO "B24"]
[WhiteElo "1984"]
[BlackElo "1912"]
[Annotator "ChessBase"]
[PlyCount "55"]
[EventDate "2020.08.06"]
[EventType "swiss"]
[EventCountry "POL"]
[SourceTitle "playchess.com"]
[Source "ChessBase"]
[SourceQuality "1"]
[TimeControl "40/5400+30:1800+30"]

1. e4 c5 2. Nc3 Nc6 3. g3 g6 4. Bg2 Bg7 5. d3 e6 6. Be3 d6 7. Qd2 Nge7 8. Bh6 O-O 9. h4 Nd4 10. Bxg7 Kxg7 11. h5 Ng8 12. hxg6 fxg6 13. f4 h5 14. O-O-O Bd7 15. Nf3 Nh6 16. Ne2 Nxe2+ 17. Qxe2 Qe7 18. Rh4 Rh8 19. Rdh1 Raf8 20. Qd2 Be8 21. Qc3+ Kg8 22. Bh3 d5 23. exd5 exd5 24. Re1 Qc7 25. Be6+ Bf7 26. Ng5 d4 27. Qc4 Nf5 28. Bxf7+ 1-0

[Event "4th Memorial Warakomska-A 2020"]
[Site "Suwalki"]
[Date "2020.08.12"]
[Round "8.1"]
[White "Mulet, Piotr"]
[Black "Gumularz, Szymon"]
[Result "0-1"]
[ECO "A28"]
[WhiteElo "2217"]
[BlackElo "2513"]
[Annotator "ChessBase"]
[PlyCount "140"]
[EventDate "2020.08.06"]
[EventType "swiss"]
[EventCountry "POL"]
[SourceTitle "playchess.com"]
[Source "ChessBase"]
[SourceQuality "1"]
[TimeControl "40/5400+30:1800+30"]

1. c4 Nf6 2. Nc3 e5 3. Nf3 Nc6 4. e4 d6 5. d4 Bg4 6. d5 Nd4 7. Be3 Nxf3+ 8. gxf3 Bd7 9. f4 Ng4 10. Bh3 Nxe3 11. Bxd7+ Qxd7 12. fxe3 exf4 13. exf4 Be7 14. O-O O-O 15. e5 Qf5 16. Qe2 Rae8 17. Qe4 Qxe4 18. Nxe4 Bh4 19. c5 dxe5 20. f5 Rd8 21. Rad1 f6 22. b4 Bg5 23. Rd3 Bf4 24. d6 c6 25. a4 g6 26. Ng3 Kf7 27. b5 Bxg3 28. hxg3 gxf5 29. Rxf5 Ke6 30. Rh5 Rd7 31. Rh2 Rc8 32. Rc2 cxb5 33. axb5 b6 34. c6 Rxd6 35. Ra3 Rd1+ 36. Kf2 Rb1 37. Rxa7 Rxb5 38. Rxh7 Rc5 39. Rxc5 bxc5 40. c7 Kd6 41. Rf7 Rxc7 42. Rxf6+ Kd5 43. Ke3 c4 44. Kd2 Rg7 45. Rf3 Kd4 46. Ra3 Rg8 47. Ke2 e4 48. Kd2 Rh8 49. Ra7 c3+ 50. Kd1 Rh1+ 51. Kc2 Rh2+ 52. Kd1 Rd2+ 53. Kc1 e3 54. Rd7+ Ke4 55. Re7+ Kf3 56. Rc7 Rh2 57. Rxc3 Rh1+ 58. Kc2 Kf2 59. Kd3 e2 60. Rc2 Rd1+ 61. Ke4 Kf1 62. Rxe2 Kxe2 63. g4 Rg1 64. Kf4 Kf2 65. g5 Rg2 66. Kf5 Kg3 67. Kf6 Kh4 68. g6 Kh5 69. g7 Kh6 70. Kf7 Rxg7+ 0-1

[Event "4th Memorial Warakomska-A 2020"]
[Site "Suwalki"]
[Date "2020.08.12"]
[Round "8.2"]
[White "Janik, Igor"]
[Black "Praczukowski, Stanislaw"]
[Result "1-0"]
[ECO "B31"]
[WhiteElo "2467"]
[BlackElo "2132"]
[Annotator "ChessBase"]
[PlyCount "49"]
[EventDate "2020.08.06"]
[EventType "swiss"]
[EventCountry "POL"]
[SourceTitle "playchess.com"]
[Source "ChessBase"]
[SourceQuality "1"]
[TimeControl "40/5400+30:1800+30"]

1. e4 c5 2. Nf3 Nc6 3. Bb5 g6 4. Bxc6 bxc6 5. O-O Bg7 6. Re1 Nh6 7. d3 O-O 8. h3 d6 9. e5 Nf5 10. Bf4 Rb8 11. b3 f6 12. exd6 e5 13. Bc1 Qxd6 14. Nbd2 Nd4 15. Ba3 Nxf3+ 16. Qxf3 f5 17. Nc4 Qc7 18. Bxc5 e4 19. dxe4 fxe4 20. Qe3 Bxa1 21. Bxf8 Kxf8 22. Rxa1 Bf5 23. Rd1 Re8 24. Qc5+ Kg8 25. Rd6 1-0

[Event "4th Memorial Warakomska-A 2020"]
[Site "Suwalki"]
[Date "2020.08.12"]
[Round "8.3"]
[White "Kucza, Karol"]
[Black "Grabarczyk, Miroslaw"]
[Result "1/2-1/2"]
[ECO "C67"]
[WhiteElo "2245"]
[BlackElo "2366"]
[Annotator "ChessBase"]
[PlyCount "79"]
[EventDate "2020.08.06"]
[EventType "swiss"]
[EventCountry "POL"]
[SourceTitle "playchess.com"]
[Source "ChessBase"]
[SourceQuality "1"]
[TimeControl "40/5400+30:1800+30"]

1. e4 e5 2. Nf3 Nc6 3. Bb5 Nf6 4. O-O Nxe4 5. Re1 Nd6 6. Nxe5 Nxe5 7. Rxe5+ Be7 8. Bd3 O-O 9. Nc3 Bf6 10. Re3 Re8 11. Nd5 Bd4 12. Rxe8+ Nxe8 13. Qe2 Nf6 14. Ne7+ Kf8 15. Nf5 Bc5 16. b4 Be7 17. Bb2 d5 18. Nxe7 Qxe7 19. Qxe7+ Kxe7 20. Re1+ Be6 21. f4 g6 22. f5 gxf5 23. Bxf5 h5 24. Kf2 Rg8 25. h3 Rg5 26. Bd3 b6 27. Bd4 Ne4+ 28. Bxe4 dxe4 29. Rxe4 Kd7 30. a3 Rxg2+ 31. Kxg2 Bd5 32. d3 f5 33. Kf3 fxe4+ 34. dxe4 Be6 35. h4 Bg4+ 36. Kf4 Kd6 37. Be5+ Kd7 38. b5 Bd1 39. c3 Be2 40. Kg5 1/2-1/2

[Event "4th Memorial Warakomska-A 2020"]
[Site "Suwalki"]
[Date "2020.08.12"]
[Round "8.4"]
[White "Deruelle Sala, Albert"]
[Black "Goluch, Piotr"]
[Result "1-0"]
[ECO "A58"]
[WhiteElo "2078"]
[BlackElo "2376"]
[Annotator "ChessBase"]
[PlyCount "87"]
[EventDate "2020.08.06"]
[EventType "swiss"]
[EventCountry "POL"]
[SourceTitle "playchess.com"]
[Source "ChessBase"]
[SourceQuality "1"]
[TimeControl "40/5400+30:1800+30"]

1. d4 Nf6 2. c4 c5 3. d5 b5 4. cxb5 a6 5. bxa6 Bxa6 6. Nc3 g6 7. Nf3 d6 8. g3 Nbd7 9. Rb1 Bg7 10. Bg2 O-O 11. O-O Nb6 12. b3 Ne8 13. Bb2 Nc7 14. Re1 f5 15. Na4 Nxa4 16. Bxg7 Kxg7 17. bxa4 Ra7 18. Qd2 Bc8 19. e4 Rxa4 20. e5 h6 21. Rb8 Ra8 22. Rxa8 Nxa8 23. Qc3 Kh7 24. Nd2 Nb6 25. Qa1 Bd7 26. f4 Kg8 27. h4 c4 28. h5 gxh5 29. Qd1 c3 30. Nb3 Nc4 31. Qxh5 Kg7 32. Kh2 c2 33. Bf1 Qb6 34. Qe2 Na3 35. Qd2 Kg6 36. Bd3 Rc8 37. g4 Nc4 38. gxf5+ Kh7 39. f6+ Kh8 40. Bxc4 Rxc4 41. f7 Rc8 42. e6 Ba4 43. Rg1 Bxb3 44. Qc3+ 1-0

[Event "4th Memorial Warakomska-A 2020"]
[Site "Suwalki"]
[Date "2020.08.12"]
[Round "8.5"]
[White "Lewicki, Miroslaw"]
[Black "Bugajski, Robert"]
[Result "1-0"]
[ECO "B92"]
[WhiteElo "2340"]
[BlackElo "2081"]
[Annotator "ChessBase"]
[PlyCount "111"]
[EventDate "2020.08.06"]
[EventType "swiss"]
[EventCountry "POL"]
[SourceTitle "playchess.com"]
[Source "ChessBase"]
[SourceQuality "1"]
[TimeControl "40/5400+30:1800+30"]

1. e4 c5 2. Nf3 d6 3. d4 cxd4 4. Nxd4 Nf6 5. Nc3 a6 6. Be2 e5 7. Nb3 Be7 8. O-O O-O 9. Be3 Be6 10. Nd5 Nbd7 11. Nxe7+ Qxe7 12. Bf3 Rfc8 13. Qd2 h6 14. Rfd1 b6 15. c3 Rc6 16. h3 a5 17. Nc1 Rac8 18. Ne2 b5 19. Ng3 Nb6 20. b3 Qb7 21. Rac1 a4 22. Qb2 axb3 23. axb3 Nbd7 24. Nf5 Bxf5 25. exf5 e4 26. Be2 d5 27. Bd4 b4 28. c4 dxc4 29. Bxc4 Nb6 30. Be2 Nbd5 31. Rxc6 Qxc6 32. Bc4 Nb6 33. Ba6 Rd8 34. Rc1 Qd6 35. Bc5 Qb8 36. Be7 Rd7 37. Bxf6 gxf6 38. Qxf6 Qf4 39. Rf1 Rd6 40. Qe7 Nd5 41. Qa7 Kg7 42. Bc4 e3 43. f6+ Rxf6 44. Bxd5 e2 45. Re1 Qd2 46. Qa1 Qxd5 47. Rxe2 Kg6 48. Re3 Rf5 49. Qb1 Kf6 50. Qb2+ Kg6 51. h4 f6 52. Qc2 Qc5 53. Qe4 Qd5 54. Qe8+ Qf7 55. Rg3+ Rg5 56. Qxf7+ 1-0

[Event "4th Memorial Warakomska-A 2020"]
[Site "Suwalki"]
[Date "2020.08.12"]
[Round "8.6"]
[White "Shilov, Sergej"]
[Black "Leskiewicz, Ignacy"]
[Result "1-0"]
[ECO "E97"]
[WhiteElo "2121"]
[BlackElo "2190"]
[Annotator "ChessBase"]
[PlyCount "129"]
[EventDate "2020.08.06"]
[EventType "swiss"]
[EventCountry "POL"]
[SourceTitle "playchess.com"]
[Source "ChessBase"]
[SourceQuality "1"]
[TimeControl "40/5400+30:1800+30"]

1. d4 Nf6 2. Nf3 g6 3. c4 Bg7 4. Nc3 d6 5. e4 O-O 6. Be2 e5 7. O-O Nc6 8. d5 Ne7 9. b4 Ne8 10. c5 h6 11. a4 f5 12. Ba3 g5 13. Rc1 Ng6 14. Nd2 Nf4 15. exf5 Nxe2+ 16. Qxe2 Bxf5 17. Nde4 Rf7 18. Rfd1 Bf8 19. b5 Rh7 20. a5 Qd7 21. Bb4 b6 22. cxb6 axb6 23. Ra1 bxa5 24. Bxa5 Be7 25. Qc4 Bd8 26. Bb4 Rb8 27. Ra7 Rf7 28. Ba5 Qc8 29. Ra1 h5 30. Bb4 h4 31. Qc6 Bd7 32. Qc4 Bf5 33. R1a3 h3 34. g3 Bg6 35. Qe2 Rh7 36. g4 Rf7 37. f3 Rf4 38. Ba5 Rb7 39. Ra6 Kg7 40. Nf2 Nf6 41. Nxh3 Rd4 42. Rc6 Nxd5 43. Nxd5 Rxd5 44. b6 Qd7 45. Rc1 cxb6 46. Bd2 e4 47. fxe4 Rc5 48. Rf1 b5 49. Be3 Re5 50. Bd4 Bb6 51. Bxb6 Rxb6 52. Qf2 b4 53. Qf6+ Kh7 54. Nxg5+ Rxg5 55. Rh3+ Rh5 56. gxh5 Bxe4 57. Rg3 Rb8 58. h6 Qa7+ 59. Rf2 Rb7 60. h4 b3 61. Qf8 Bg6 62. Rxg6 Kxg6 63. Kh2 Qd4 64. Rg2+ Kh5 65. Qf5+ 1-0

[Event "4th Memorial Warakomska-A 2020"]
[Site "Suwalki"]
[Date "2020.08.12"]
[Round "8.7"]
[White "Malaczek, Mateusz"]
[Black "Rudzinska, Michalina"]
[Result "1/2-1/2"]
[ECO "A26"]
[WhiteElo "2036"]
[BlackElo "2080"]
[Annotator "NA"]
[PlyCount "81"]
[EventDate "2020.08.06"]
[EventType "swiss"]
[EventCountry "POL"]
[SourceTitle "playchess.com"]
[Source "ChessBase"]
[SourceQuality "1"]
[TimeControl "40/5400+30:1800+30"]

1. c4 e5 2. g3 Nc6 3. Bg2 g6 4. Nc3 Bg7 5. d3 d6 6. Rb1 a5 7. a3 f5 8. Nf3 Nf6 9. O-O O-O 10. b4 axb4 11. axb4 Ne7 12. Qb3 {[%emt 0:03:08] A26: English Opening vs King's Indian with ...Nc6 and d3.} h6 13. c5+ Kh7 14. cxd6 cxd6 {[%emt 0:04:35] [#]} 15. Bb2 $146 ({Predecessor:} 15. Ba3 g5 16. b5 Ng6 17. Nd2 Re8 18. Nc4 d5 19. Nd6 Rxa3 20. Qxa3 Bf8 21. Nxb7 Bxb7 {0-1 (41) Ramesa,D (2134)-Barnaure,V (2198) Balatonlelle 2002}) 15... Bd7 16. Rfc1 g5 17. b5 Be8 18. Ra1 Rxa1 19. Rxa1 Qb6 20. Qe6 Ng6 21. Na4 Qxb5 22. Qxd6 Qb3 23. Nd2 Qc2 24. Qb4 Rf7 25. Nb6 Bf8 26. Qc3 Qxc3 27. Bxc3 Bc5 28. Ndc4 f4 29. Ra5 fxg3 30. hxg3 Bxf2+ 31. Kxf2 Ne4+ 32. Ke1 Nxc3 33. Nxe5 Re7 34. d4 Nxe5 35. dxe5 Bc6 36. Bxc6 bxc6 37. Rc5 Ne4 38. Rxc6 Rxe5 39. Rc7+ Kg6 40. g4 Re6 41. Nd5 $11 1/2-1/2

[Event "4th Memorial Warakomska-A 2020"]
[Site "Suwalki"]
[Date "2020.08.12"]
[Round "8.8"]
[White "Wolanski, Michal"]
[Black "Backiel, Hubert"]
[Result "0-1"]
[ECO "A37"]
[WhiteElo "2019"]
[BlackElo "1943"]
[Annotator "ChessBase"]
[PlyCount "90"]
[EventDate "2020.08.06"]
[EventType "swiss"]
[EventCountry "POL"]
[SourceTitle "playchess.com"]
[Source "ChessBase"]
[SourceQuality "1"]
[TimeControl "40/5400+30:1800+30"]

1. c4 c5 2. Nc3 Nc6 3. g3 g6 4. Bg2 Bg7 5. Nf3 e6 6. d4 cxd4 7. Nb5 d5 8. cxd5 Qa5+ 9. Kf1 Qxb5 10. dxc6 Qxc6 11. Nxd4 Qd7 12. Be3 Ne7 13. Nb3 Bxb2 14. Nc5 Qxd1+ 15. Rxd1 Nd5 16. Bh6 Ke7 17. e4 Nc7 18. f4 b6 19. Na4 Ba3 20. Bg7 Ba6+ 21. Kf2 Rhd8 22. e5 Rxd1 23. Bf6+ Kf8 24. Rxd1 Rc8 25. Bc6 Ne8 26. Bxe8 Kxe8 27. Nc3 Bc5+ 28. Kg2 Be7 29. Bxe7 Kxe7 30. Rc1 b5 31. a3 Bb7+ 32. Kf2 a5 33. Ke3 b4 34. axb4 axb4 35. Ne2 Rxc1 36. Nxc1 Bd5 37. Kd4 f6 38. Nd3 b3 39. Kc3 fxe5 40. Nxe5 Kf6 41. Nd7+ Kf5 42. Nf8 h5 43. Kd3 Kg4 44. Nxg6 Be4+ 45. Kxe4 b2 0-1

[Event "4th Memorial Warakomska-A 2020"]
[Site "Suwalki"]
[Date "2020.08.12"]
[Round "8.9"]
[White "Budzisz, Adrian"]
[Black "Godzwon, Iwo"]
[Result "0-1"]
[ECO "B03"]
[WhiteElo "1823"]
[BlackElo "2347"]
[Annotator "ChessBase"]
[PlyCount "76"]
[EventDate "2020.08.06"]
[EventType "swiss"]
[EventCountry "POL"]
[SourceTitle "playchess.com"]
[Source "ChessBase"]
[SourceQuality "1"]
[TimeControl "40/5400+30:1800+30"]

1. e4 Nf6 2. e5 Nd5 3. d4 d6 4. c4 Nb6 5. exd6 cxd6 6. Nc3 g6 7. Be3 Bg7 8. h3 O-O 9. Nf3 Nc6 10. a3 Bf5 11. Be2 d5 12. c5 Nc4 13. Bc1 e5 14. dxe5 N4xe5 15. Nxe5 Bxe5 16. O-O d4 17. Nb5 a6 18. Nd6 Bxd6 19. cxd6 Qxd6 20. Bh6 Rfe8 21. Bc4 b5 22. Ba2 Be6 23. Bxe6 Rxe6 24. Rc1 Rae8 25. Qd2 Ne7 26. Bf4 Qd5 27. b4 Nf5 28. Rc5 Qb3 29. Qc1 Qd3 30. Rc7 Qe4 31. f3 Qd3 32. Rd1 Qb3 33. Bg5 h6 34. Bf4 Kg7 35. Rf1 Re2 36. g4 Ne3 37. Rf2 Rxf2 38. Kxf2 Qa2+ 0-1